 Dungeon Crawl Stone Soup version 0.24.0-125-gc4c63601f3 (webtiles) character file.

Game seed: 16217256806178853391, levelgen mode: deterministic

158 Descartes the Skirmisher (level 5, 0/42 HPs)
             Began as a Formicid Abyssal Knight on Feb 28, 2020.
             Was a Follower of Lugonu.
             Slain by an orc
             ... wielding a +0 falchion
              (1 damage)
             ... on level 3 of the Dungeon.
             The game lasted 00:05:26 (2405 turns).

Descartes the Skirmisher (Formicid Abyssal Knight)  Turns: 2405, Time: 00:05:27

Health: 0/42       AC: 12    Str: 17    XL:     5   Next: 67%
Magic:  7/7        EV:  7    Int: 12    God:    Lugonu [*.....]
Gold:   132        SH:  0    Dex: 10    Spells: 4/4 levels left

rFire    . . .     SeeInvis +   i - +0 war axe
rCold    . . .     Gourm    .   (no shield)
rNeg     . . .     Faith    .   y - +0 chain mail
rPois    .         Spirit   .   (helmet unavailable)
rElec    .         Reflect  .   (no cloak)
rCorr    .         Harm     .   D - +2 pair of gloves
MR       .....                  (no boots)
Stlth    ..........             (no amulet)
HPRegen  0.14/turn              (no ring)
MPRegen  0.10/turn              (no ring)

@: lethally poisoned (0 -> -31)
A: permanent stasis, dig shafts and tunnels, four strong arms, antennae 3
a: Dig, Shaft Self, Depart the Abyss, Renounce Religion


You were on level 3 of the Dungeon.
You worshipped Lugonu.
Lugonu was aware of your devotion.
You were not hungry.

You visited 1 branch of the dungeon, and saw 3 of its levels.
You visited the Abyss 1 time.

You collected 132 gold pieces.

Inventory:

Hand Weapons
 a - a +1 hand axe
 i - a +0 war axe (weapon)
 s - a +0 hunting sling
Missiles
 e - 24 poisoned darts (quivered)
 l - 10 sling bullets
 m - 68 stones
 v - 17 arrows
Armour
 b - a +0 leather armour
 t - a +0 ring mail
 y - a +0 chain mail (worn)
 D - a +2 pair of gloves (worn)
Wands
 B - a wand of enslavement (6)
Scrolls
 d - a scroll of fog {unknown}
 j - 3 scrolls of remove curse {unknown}
 k - a scroll of identify {unknown}
 w - a scroll of noise {unknown}
 C - 3 scrolls of teleportation {unknown}
Potions
 f - 2 potions of brilliance {unknown}
 h - 2 potions of lignification {unknown}
 n - a potion of haste {unknown}
 o - a potion of might {unknown}
 p - a potion of heal wounds {unknown}
 q - a potion of berserk rage {unknown}
 r - 3 potions of curing {unknown}
 u - 3 potions of flight {unknown}
 x - a potion of invisibility {unknown}
 z - a potion of mutation {unknown}
Miscellaneous
 g - a lightning rod (4/4)
Comestibles
 c - 7 rations
 A - 4 chunks of flesh


   Skills:
 + Level 4.0 Fighting
 * Level 3.5 Axes
 + Level 3.0 Armour
 + Level 1.9 Dodging
 + Level 3.2 Invocations


You had 4 spell levels left.
You didn't know any spells.
Your spell library was empty.

Dungeon Overview and Level Annotations

Branches:
Dungeon (3/15)

Altars:
Hepliaklqana
Kikubaaqudgha
Makhleb
Sif Muna


Innate Abilities, Weirdness & Mutations

You cannot be hasted, slowed, berserked, paralysed or teleported.
You can dig through walls and to a lower floor.
Your four strong arms can wield two-handed weapons with a shield.
You have a pair of large antennae on your head. (SInv)


Message History

* * * LOW HITPOINT WARNING * * *
You feel very sick. The orc wizard completely misses you.
You closely miss the orc.
* * * LOW HITPOINT WARNING * * *
You feel very sick.
You hit the orc.
The orc is severely wounded.
* * * LOW HITPOINT WARNING * * *
You feel very sick. The orc hits you but does no damage.
An orc comes into view. It is wielding a +0 hand axe.
Unknown command.
The orc shouts!
You hit the orc but do no damage.
The orc is severely wounded.
* * * LOW HITPOINT WARNING * * *
You feel very sick. The orc hits you with a +0 falchion.
You die...

#.#
#.......>
#)#
#.>......
#.#
.....<#.##
#.#
###...#.#
#.#
.....#.##
#.# #####
#.#. #.#
#.#. #?#
#. #@# #o#
#o#


#oo ### You could see an orc wizard and 3 orcs.

Vanquished Creatures
  An orc priest (D:3)
  Jessica (D:2)
  3 adders (D:2)
  An ooze (D:2)
  A worm (D:2)
  4 dart slugs
  3 orcs (D:3)
  8 bats
  A giant cockroach (D:1)
  6 hobgoblins
  2 jackals (D:1)
  7 kobolds
  2 quokkas
  2 frilled lizards
  7 goblins
  6 rats
55 creatures vanquished.

Notes
Turn   | Place    | Note
-------+----------+-------------------------------------------
     0 | Abyss:1  | Descartes the Formicid Abyssal Knight began the quest for
                  | the Orb.
     0 | Abyss:1  | Reached XP level 1. HP: 18/18 MP: 2/2
   104 | Abyss:2  | Noticed a ynoxinul
   143 | D:1      | Escaped the Abyss
   225 | D:1      | Reached skill level 1 in Dodging
   275 | D:1      | Reached XP level 2. HP: 3/24 MP: 3/3
   965 | D:1      | Reached * piety under Lugonu
   974 | D:1      | Reached XP level 3. HP: 12/29 MP: 4/4
  1395 | D:2      | Noticed Jessica
  1405 | D:2      | Killed Jessica
  1405 | D:2      | Reached XP level 4. HP: 28/37 MP: 4/6
  1658 | D:2      | Reached XP level 5. HP: 19/42 MP: 7/7
  1725 | D:2      | Found a shimmering blue altar of Sif Muna.
  1725 | D:2      | Found a hazy altar of Hepliaklqana.
  1726 | D:2      | Found a burning altar of Makhleb.
  1917 | D:2      | Found an ancient bone altar of Kikubaaqudgha.
  2159 | D:3      | Reached skill level 4 in Fighting
  2405 | D:3      | HP: 1/42 [poisoned by an orc wizard]
  2405 | D:3      | Slain by an orc

Levels and vault maps discovered:
D:1:      minmay_arrival_nine_rooms, layout_loops_corners
D:2:      layout_basic, nicolae_overflow_quartered_altars, uniq_jessica
D:3:      layout_basic, uniq_sigmund

Skill      XL: |  1  2  3  4  5 |
---------------+----------------+-----
Dodging        | 1 |  1.9
Axes           | 3 |  3.5
Invocations    | 3 |  3.2
Fighting       | 4 |  4.0
Armour         | 3 |  3.0

Action                   |  1- 3 |  4- 6 || total
-------------------------+-------+-------++-------
Melee: Hand axe          |    10 |       ||    10
       War axe           |    68 |    93 ||   161
Invok: Depart the Abyss  |     1 |       ||     1
  Eat: Chunk             |     1 |     4 ||     5
Armor: Leather armour    |    13 |       ||    13
       Ring mail         |    34 |    17 ||    51
       Chain mail        |       |    72 ||    72
Dodge: Dodged            |    59 |    46 ||   105
